 Dungeon Crawl Stone Soup version 0.27-a0-1144-g0b7d3b79db (webtiles) character file.

Game seed: 7403070860831040685

74 kae the Skirmisher (level 4, 0/37 HPs)
             Began as a Demonspawn Abyssal Knight on May 10, 2021.
             Was a Believer of Lugonu.
             Slain by Terence
             ... wielding a +0 morningstar
              (13 damage)
             ... on level 2 of the Dungeon.
             The game lasted 00:00:58 (2091 turns).

kae the Skirmisher (Demonspawn Abyssal Knight)      Turns: 2091, Time: 00:00:59

Health: 0/37       AC:  3    Str: 13    XL:     4   Next: 9%
Magic:  5/5        EV: 11    Int: 14    God:    Lugonu [**....]
Gold:   81         SH:  4    Dex: 12    Spells: 3/3 levels left

rFire    . . .     SeeInvis .   a - +1 falchion
rCold    . . .     Faith    .   (no shield)
rNeg     . . .     Spirit   .   b - +0 leather armour
rPois    .         Reflect  .   (no helmet)
rElec    .         Harm     .   (no cloak)
rCorr    +         Rampage  .   (no gloves)
Will     .....                  (no boots)
Stlth    +.........             g - amulet of the acrobat
HPRegen  0.12/turn              d - ring of resist corrosion
MPRegen  0.18/turn              (no ring)

@: no status effects
A: talons 1, magic regeneration, condensation shield
a: Renounce Religion, Depart the Abyss, Bend Space


You were on level 2 of the Dungeon.
You worshipped Lugonu.
Lugonu was pleased with you.
You visited 1 branch of the dungeon, and saw 2 of its levels.
You visited the Abyss 1 time.

You collected 81 gold pieces.

Inventory:

Hand Weapons
 a - a +1 falchion (weapon)
Armour
 b - a +0 leather armour (worn)
Jewellery
 d - a ring of resist corrosion (left hand)
 g - an amulet of the acrobat (around neck)
Potions
 c - 3 potions of curing {unknown}
 e - a potion of haste {unknown}
 f - a potion of mutation {unknown}


   Skills:
 + Level 3.7 Fighting
 * Level 3.4 Long Blades
 - Level 1.7 Armour
 - Level 0.8 Dodging
 - Level 2.4 Invocations


You had 3 spell levels left.
You didn't know any spells.
Your spell library contained the following spells:

 Spells                   Type           Power      Damage    Failure   Level
 Animate Skeleton         Necr           0%         N/A       36%         1
 Apportation              Tloc           0%         N/A       36%         1
 Corona                   Hex            0%         N/A       36%         1
 Summon Small Mammal      Summ           0%         N/A       36%         1


Dungeon Overview and Level Annotations

Branches:
Dungeon (2/15)

Altars:
Uskayaw

Shops:
D:2 =

Annotations:
D:2 Terence


Innate Abilities, Weirdness & Mutations

You have sharp toenails.
You regenerate magic rapidly.
A meltable shield of frost defends you. (SH +4)


Message History

A worm is nearby!
You barely miss the worm. You claw the worm.
The worm is moderately wounded.
The worm bites you but does no damage.
You barely miss the worm. You claw the worm.
The worm is heavily wounded.
The worm closely misses you.
A worm is nearby!
You slash the worm! You claw the worm.
You kill the worm!
Lugonu accepts your kill.
No target in view!
Terence the Incautious comes into view.
He is wielding a +0 morningstar and wearing a +1 scale mail of fire resistance.
You barely miss Terence. Terence hits you with a +0 morningstar!
Terence is nearby!
You hit Terence.
Terence is moderately wounded.
Terence hits you with a +0 morningstar. Terence hits you with a +0 morningstar!
You are too injured to fight recklessly!
Terence is nearby!
Terence is nearby!
You are too injured to fight recklessly!
You are too injured to fight recklessly!
You are too injured to fight recklessly!
You are too injured to fight recklessly!
You hit Terence but do no damage.
Terence is moderately wounded.
Terence hits you with a +0 morningstar.
You slash Terence!
Terence is severely wounded.
Terence barely misses you.
You riposte.
You hit Terence. You claw Terence, but do no damage.
Terence is severely wounded.
You hit Terence but do no damage. Your kick misses Terence.
Terence is severely wounded.
You block Terence's attack.
You closely miss Terence.
Terence is severely wounded.
Terence hits you with a +0 morningstar!
You die...

##### #####.###.###..
########## #..(.##
##..... .........#
#.###.###.##...
########.#
#.##...#....... # #.#
#<##.##.####... # #.#
#.##.##.# #... #
##.##########....##.#
##.. #
#..........####.....#
#.. # #.......#####@#
#.###.# ##. #
#.##....# #@# #.#
#.######. # ##...#
#.. #.. .........
###.# #.#. #.#
#.##..... #.#
#.#.##.# #.#... #..
..# .... .. #.#. ###
... .... ..# #.#. ###
#. # #.#. #.#.


You could see Terence.

Vanquished Creatures
  3 adders (D:2)
  A worm (D:2)
  2 dart slugs (D:1)
  2 ball pythons (D:2)
  3 endoplasms
  2 giant cockroaches (D:2)
  5 goblins
  2 hobgoblins (D:2)
  6 jackals
  3 quokkas (D:1)
  2 bats (D:1)
  4 kobolds (D:1)
  A rat (D:2)
36 creatures vanquished.

Notes
Turn   | Place    | Note
-------+----------+-------------------------------------------
     0 | Abyss:1  | kae the Demonspawn Abyssal Knight began the quest for the
                  | Orb.
     0 | Abyss:1  | Reached XP level 1. HP: 18/18 MP: 2/2
    15 | D:1      | Escaped the Abyss
   158 | D:1      | Gained mutation: A meltable shield of frost defends you.
                  | (SH +4) [demonic ancestry]
   158 | D:1      | Reached XP level 2. HP: 11/24 MP: 3/3
  1462 | D:2      | Reached ** piety under Lugonu
  1463 | D:2      | Gained mutation: You have sharp toenails. [demonic
                  | ancestry]
  1463 | D:2      | Reached XP level 3. HP: 24/29 MP: 4/4
  1766 | D:2      | Found Kiech's Jewellery Emporium.
  1779 | D:2      | Found a hide-covered altar of Uskayaw.
  1816 | D:2      | Gained mutation: You regenerate magic rapidly. [demonic
                  | ancestry]
  1816 | D:2      | Reached XP level 4. HP: 32/37 MP: 5/5
  2084 | D:2      | Noticed Terence
  2091 | D:2      | Slain by Terence

Illustrated notes

Levels and vault maps discovered:
D:1:      dpeg_arrival_signposts, layout_basic
D:2:      layout_loops_ring, serial_shops, nicolae_shop_behind_doors,
          basic_altar, uniq_terence

Skill      XL: |  1  2  3 |
---------------+----------+-----
Long Blades    | 2 3 |  3.4
Fighting       | |  3.7
Armour         | |  1.7
Dodging        | |  0.8
Invocations    | |  2.4

Action                   |  1- 3 |  4- 6 || total
-------------------------+-------+-------++-------
Melee: Falchion          |    99 |    20 ||   119
       Kick              |    11 |     6 ||    17
  Use: Scroll            |     1 |       ||     1
Armor: Leather armour    |    26 |     6 ||    32
Dodge: Dodged            |    64 |     7 ||    71
Block: Other             |     4 |     4 ||     8
       Rpst.: Falchion   |    25 |     2 ||    27

Table legend: (Time is in decaauts)
 A = Elapsed time spent in this place.
 B = Non-inter-level travel time spent in this place.
 C = Inter-level travel time spent in this place.
 D = Time resting spent in this place.
 E = Time spent auto-exploring this place.
 F = Levels seen in this place.
 G = Mean time per level.
                   A        B        C        D        E       F      G
               +--------+--------+--------+--------+--------+-----+--------+
         Total |   2109 |   2062 |     47 |    181 |   1597 |   3 |  703.0 |
       Dungeon |   2094 |   2047 |     47 |    181 |   1591 |   2 | 1047.0 |
         Abyss |     15 |     15 |      0 |      0 |      6 |   1 |   15.0 |
               +--------+--------+--------+--------+--------+-----+--------+

Top non-repeatable levels by time:
     D:1: 1396 daAuts
     D:2: 698 daAuts
 Abyss:1: 15 daAuts
